 Dungeon Crawl Stone Soup version 0.17.1-3-g152610e (webtiles) character file.

33460 HEYYEYAAE the Nimble (level 13, -10/72 HPs)
             Began as a Spriggan Transmuter on Feb 29, 2016.
             Was an Elder of Nemelex Xobeh.
             Killed from afar by a deep elf knight (41 damage)
             ... with a shard of ice
             ... on level 2 of the Elven Halls.
             The game lasted 00:40:33 (16771 turns).

HEYYEYAAE the Nimble (Spriggan Transmuter)         Turns: 16771, Time: 00:40:34

Health: -10/72     AC:  9    Str: 10    XL:     13   Next: 36%
Magic:  27/28      EV: 26    Int: 15    God:    Nemelex Xobeh [****..]
Gold:   1543       SH:  0    Dex: 17    Spells: 4 memorised, 22 levels left

rFire  . . .     SeeInvis +       - Unarmed
rCold  . . .     Clarity  .     o - +3 troll leather armour {Purgy}
rNeg   + . .     SustAt   .     (shield currently unavailable)
rPois  .         Gourm    .     (helmet restricted)
rElec  .         Spirit   .     j - +0 cloak
rCorr  .         Warding  .     (gloves unavailable)
rMut   +         Stasis   .     (boots unavailable)
MR     ++...                    L - amulet of resist mutation
Stlth  +.........               (no ring)
                                i - ring of positive energy

@: blade hands, very slightly contaminated, hasted, very quick, very resistant
to hostile enchantments, very unstealthy
A: unfitting armour, see invisible, herbivore 3, speed 3, slow metabolism 2
a: End Transformation, Triple Draw, Deal Four, Renounce Religion


You were on level 2 of the Elven Halls.
You worshipped Nemelex Xobeh.
Nemelex Xobeh was greatly pleased with you.
You were not hungry.
You had blades for hands.
You visited 4 branches of the dungeon, and saw 19 of its levels.
You also visited: Sewer.

You collected 1933 gold pieces.
You spent 390 gold pieces at shops.

Inventory:

Hand Weapons
 e - a +1 spear
 f - a +4 dagger of venom (melded)
 t - a +0 dagger of draining
 v - the +6 dagger "Orb Guardian's Bane" {pierce, *Rage MP+9 SInv}
   (You found it on level 10 of the Dungeon)

   It inflicts extra damage upon your enemies.
   It affects your magic capacity (+9).
   It lets you see invisible.
   It may make you go berserk in combat.
 z - a +0 mace of protection
Armour
 j - a +0 cloak (worn)
 o - a +3 troll leather armour (worn) {Purgy}
 A - a mottled dragon hide
Jewellery
 i - a ring of positive energy (left scythe-like blade)
 E - an uncursed ring of magical power
 H - an uncursed ring of teleportation
 L - an amulet of resist mutation (around neck)
 O - an uncursed ring of ice
 Q - an uncursed amulet of guardian spirit {unknown}
Wands
 d - a wand of paralysis (0)
 u - a wand of slowing (17)
 F - a wand of flame (28)
 R - a wand of lightning (1)
Scrolls
 b - 3 scrolls of identify
 n - a scroll of recharging
 N - a scroll of amnesia
Potions
 k - 5 potions of brilliance
 m - 3 potions of flight
 r - 4 potions of ambrosia
 w - a potion of curing
 C - a potion of lignification
 D - a potion of berserk rage
 G - 2 potions of magic
 J - a potion of cancellation {unknown}
 U - a potion of degeneration {unknown}
Books
 c - a book of Changes

   Spells                             Type                      Level
   a - Beastly Appendage              Transmutation                1
   b - Sticks to Snakes               Transmutation                2
   c - Spider Form                    Transmutation/Poison         3
   d - Ice Form                       Ice/Transmutation            4
   e - Blade Hands                    Transmutation                5
 x - a book of Beasts

   Spells                             Type                      Level
   a - Summon Butterflies             Summoning                    1
   b - Call Canine Familiar           Summoning                    3
   c - Summon Ice Beast               Ice/Summoning                4
   d - Summon Mana Viper              Hexes/Summoning              5
   e - Summon Hydra                   Summoning                    7
 K - a book of Clouds

   Spells                             Type                      Level
   a - Mephitic Cloud                 Conjuration/Poison/Air       3
   b - Conjure Flame                  Conjuration/Fire             3
   c - Poisonous Cloud                Conjuration/Poison/Air       6
   d - Freezing Cloud                 Conjuration/Ice/Air          6
   e - Ring of Flames                 Charms/Fire                  7
Miscellaneous
 a - a plain deck of destruction {drawn: 3}
 l - a plain deck of destruction {drawn: 3}
 M - a plain deck of destruction {drawn: 3}
 P - a plain deck of destruction {drawn: 10}
 W - a plain deck of escape {drawn: 1}
Comestibles
 h - 5 bread rations
 q - a fruit


   Skills:
 * Level 10.2 Fighting
 + Level 6.3 Armour
 + Level 11.8 Dodging
 + Level 7.4 Unarmed Combat
 + Level 10.5 Spellcasting
 + Level 11.3 Transmutations
 + Level 8.9 Evocations


You had 22 spell levels left.
You knew the following spells:

 Your Spells              Type           Power        Failure   Level  Hunger
a - Beastly Appendage     Trmt           #####.       8%          1    None
b - Sticks to Snakes      Trmt           #####.....   10%         2    None
c - Spider Form           Trmt/Pois      ###.......   32%         3    None
d - Blade Hands           Trmt           #####.....   28%         5    #####..


Dungeon Overview and Level Annotations

Branches:
Dungeon (12/15)            Temple (1/1) D:7            Lair (0/8) D:9
    Orc (4/4) D:12            Elf (2/3) Orc:3

Altars:
Ashenzari
Cheibriados
Dithmenos
Elyvilon
Fedhas
Gozag
Kikubaaqudgha
Makhleb
Nemelex Xobeh
Okawaru
Qazlal
Ru
Sif Muna
Trog
Vehumet
Xom
Yredelemnul
Zin
The Shining One
Beogh

Shops:
Orc:2 :   Orc:4 [(?=*!*((


Innate Abilities, Weirdness & Mutations

You are tiny and cannot use many weapons and most armour.
You have supernaturally acute eyesight.
You are a herbivore.
You cover ground extremely quickly.
You need consume almost no food.


Message History

The deep elf fighter shoots an arrow.
The arrow barely misses you.
A long sword of holy wrath comes into view.
The long sword of holy wrath hits you!
Read which item? (? for menu, Esc to quit)
Okay, then.
Drink which item? (? for menu, Esc to quit)
Okay, then.
A deep elf priest comes into view. It is wielding a scimitar.
The deep elf priest shouts!
You hear a blaring wail to the east.
The deep elf knight shouts!
The deep elf knight shoots an arrow.
The arrow completely misses you.
You see here an arrow.
A trident of piercing comes into view.
The deep elf knight shoots an arrow.
The arrow completely misses you.
The deep elf knight gestures at you while chanting.
The shard of ice hits you!
Ouch! That really hurt!
You die...
Your body disappears without a glow.

##.........###...#
....#........(..#.e..##
......................##
.......................#
..............e.......#
...(.................##
...e.........(.......##
....................e.##
.......@...............#
......................##
...##...........##(..##
. ###((.....#####.(##
##.....## ##..##
###....(..#####....#
##...........##..(..#
............(...(....##
.....................#


You could see 2 deep elf knights and 4 dancing weapons.

Vanquished Creatures
  Azrael (Orc:4)
  A fire dragon (Elf:1)
  A hydra (Elf:1)
  The ghost of kaze the Nimble, a novice TrBe of Trog (D:8)
  A tengu warrior (D:8)
  Urug (Orc:1)
  A deep elf knight (Elf:2)
  2 deep elf summoners
  An unseen horror (D:11)
  4 hill giants
  A harpy (Orc:3)
  3 deep elf conjurers (Elf:1)
  2 griffons (Elf:1)
  8 orc sorcerers (Orc:4)
  A cyclops (D:11)
  2 manticores (Elf:1)
  3 trolls
  A fire drake (Elf:1)
  2 deep elf priests (Elf:1)
  A two-headed ogre (D:10)
  4 fire elementals (Orc:4)
  12 yaks
  A spriggan (D:8)
  5 deep elf magi
  3 deep elf fighters
  A mottled dragon (D:12)
  3 water moccasins
  2 hell hounds
  8 orc warriors
  A soldier ant (D:10)
  4 wargs (Orc:4)
  5 porcupines (D:9)
  3 sky beasts
  An ice beast (D:10)
  A wasp (D:11)
  A black bear (D:8)
  A necrophage (D:9)
  2 phantoms
  A sky beast (shapeshifter) (Elf:1)
  4 centaurs
  6 crocodiles
  9 ogres
  A big kobold (D:8)
  6 giant frogs
  A wyvern skeleton (D:12)
  3 scorpions
  4 wights
  6 crimson imps
  2 centaur zombies
  A quasit (D:12)
  12 orc priests
  2 jellies (D:10)
  2 centaur skeletons
  7 hounds
  33 orc wizards
  A giant frog skeleton (D:11)
  6 worker ants
  2 iguanas
  13 sheep (D:9)
  2 hound skeletons
  A hound zombie (D:10)
  3 river rats
  A gnoll (D:2)
  12 adders
  A shadow imp (D:12)
  2 white imps
  An ooze (D:4)
  An adder zombie (D:4)
  An adder skeleton (D:4)
  A worm (D:2)
  6 giant geckos
  126 orcs
  7 giant cockroaches
  11 goblins
  8 hobgoblins
  3 quokkas
  A ball python (D:3)
  6 bats
  5 giant newts
  16 jackals
  12 kobolds
  2 quokka zombies
  9 rats
456 creatures vanquished.

Vanquished Creatures (collateral kills)
  2 sphinxes (Elf:1)
  Erolcha (Orc:3)
  A hell beast (Elf:1)
  2 hydras (Elf:1)
  A harpy (Elf:1)
  2 ugly things
  2 manticores (Elf:1)
  A wyvern (D:10)
  A hippogriff (D:8)
  A wolf (D:8)
  A hell hound (Orc:4)
  An orc warrior (Orc:4)
  Purgy (Sewer)
  An ogre (D:7)
  A jelly (D:5)
  3 wights (D:10)
  2 quasits
  A crimson imp (D:7)
  9 orc wizards
  A giant frog zombie (D:6)
  2 hounds (D:8)
  3 orc priests
  An iguana (D:6)
  A worker ant (D:6)
  A giant frog simulacrum (D:8)
  Robin (D:3)
  2 gnolls (D:2)
  4 adders
  A white imp (D:8)
  An ufetubus (D:8)
  43 orcs
  3 giant cockroaches (D:3)
  2 hobgoblins (D:3)
  2 jackals (D:8)
  A quokka (D:4)
  A giant gecko simulacrum (D:8)
  2 giant newts (Sewer)
  3 goblins (D:3)
  A rat (D:2)
110 creatures vanquished.

Vanquished Creatures (others)
  An orc (Orc:4)
  A bat (D:2)
  A bush (D:9)
  8 plants (D:9)
11 creatures vanquished.

Grand Total: 577 creatures vanquished

Notes
Turn   | Place    | Note
--------------------------------------------------------------
     0 | D:1      | HEYYEYAAE the Spriggan Transmuter began the quest for the Orb.
     0 | D:1      | Reached XP level 1. HP: 9/9 MP: 5/5
   128 | D:1      | Reached skill level 1 in Fighting
   345 | D:1      | Reached XP level 2. HP: 5/14 MP: 6/6
  1372 | D:2      | Reached XP level 3. HP: 15/18 MP: 6/8
  1394 | D:2      | Learned a level 2 spell: Sticks to Snakes
  1398 | D:2      | Learned a level 3 spell: Spider Form
  1739 | D:3      | Reached XP level 4. HP: 7/23 MP: 1/9
  1851 | D:3      | Reached skill level 1 in Armour
  1893 | D:3      | Noticed Robin
  1913 | D:3      | HP: 1/23 [goblin/dagger[Robin] (5)]
  2192 | D:3      | Killed Robin
  2249 | D:3      | Found a glowing drain.
  2288 | Sewer    | Entered a sewer
  2294 | Sewer    | HP: 1/23 [poisoned by an adder]
  2562 | Sewer    | Reached XP level 5. HP: 22/26 MP: 4/11
  2613 | Sewer    | Noticed Purgy
  2640 | Sewer    | Killed Purgy
  3178 | D:2      | Found a glowing golden altar of the Shining One.
  3180 | D:2      | Noticed an angel
  3200 | D:2      | Found a basalt altar of Yredelemnul.
  3355 | D:2      | Reached skill level 4 in Dodging
  3675 | D:4      | Reached XP level 6. HP: 28/32 MP: 12/12
  3757 | D:4      | Noticed an ogre
  3789 | D:4      | Killed an ogre
  4141 | D:4      | Noticed an ogre
  4181 | D:4      | Killed an ogre
  4190 | D:4      | Got a slimy robe
  4191 | D:4      | Identified the +1 robe of Anaesthesia {+Fly Regen+ MP-9} (You found it on level 4 of the Dungeon)
  4276 | D:4      | Found a shattered altar of Ashenzari.
  4398 | D:5      | Entered Level 5 of the Dungeon
  4448 | D:5      | Found a white marble altar of Elyvilon.
  4458 | D:5      | Reached XP level 7. HP: 36/36 MP: 11/14
  4701 | D:5      | Found a stormy altar of Qazlal.
  4748 | D:5      | Got a scorched whip
  4749 | D:5      | Identified the +4 whip of Makhleb's Outrage {flame, *Rage MP+9 Str+3 Int+3} (You found it on level 5 of the Dungeon)
  4865 | D:5      | Reached skill level 5 in Dodging
  4865 | D:5      | Reached skill level 5 in Transmutations
  5615 | D:6      | Reached XP level 8. HP: 37/42 MP: 12/15
  5633 | D:6      | Learned a level 5 spell: Blade Hands
  5911 | D:6      | Found a deep blue altar of Sif Muna.
  6060 | D:7      | Reached skill level 5 in Spellcasting
  6332 | D:7      | Reached skill level 6 in Dodging
  6457 | D:7      | Found a staircase to the Ecumenical Temple.
  6817 | D:7      | Reached skill level 5 in Fighting
  6952 | Temple   | Entered the Ecumenical Temple
  7044 | D:7      | Found a sparkling altar of Nemelex Xobeh.
  7257 | D:8      | Noticed a tengu warrior
  7307 | D:8      | Killed a tengu warrior
  7307 | D:8      | Reached skill level 7 in Dodging
  7307 | D:8      | Reached XP level 9. HP: 24/47 MP: 19/19
  7523 | D:8      | Reached skill level 1 in Evocations
  7569 | D:8      | Noticed kaze's ghost (novice TrBe)
  8598 | D:10     | Entered Level 10 of the Dungeon
  8696 | D:8      | Killed kaze's ghost
  8696 | D:8      | Reached skill level 8 in Dodging
  8696 | D:8      | Reached skill level 5 in Unarmed Combat
  8696 | D:8      | Reached XP level 10. HP: 43/53 MP: 21/21
  8801 | D:7      | Became a worshipper of Nemelex Xobeh the Trickster
  9073 | D:9      | Received a gift from Nemelex Xobeh
  9077 | D:9      | Found a basalt altar of Yredelemnul.
  9115 | D:9      | Found a shadowy altar of Dithmenos.
  9118 | D:9      | Found an opulent altar of Gozag.
  9121 | D:9      | Found an iron altar of Okawaru.
  9289 | D:9      | Found a sacrificial altar of Ru.
  9330 | D:9      | Found a staircase to the Lair.
  9495 | D:9      | Found a glowing silver altar of Zin.
  9584 | D:10     | Got a scorched dagger
  9660 | D:10     | Identified the +6 dagger "Orb Guardian's Bane" {pierce, *Rage MP+9 SInv} (You found it on level 10 of the Dungeon)
  9879 | D:10     | Noticed a green ugly thing
  9901 | D:10     | Killed a green ugly thing
  9921 | D:10     | Received a gift from Nemelex Xobeh
  9967 | D:10     | Reached * piety under Nemelex Xobeh
 10016 | D:10     | Reached skill level 9 in Dodging
 10033 | D:10     | Reached XP level 11. HP: 47/58 MP: 23/23
 10039 | D:10     | Reached skill level 5 in Evocations
 10629 | D:11     | Noticed a hill giant
 10629 | D:11     | a brown ugly thing changed into a hill giant
 10639 | D:11     | Killed a hill giant
 10860 | D:11     | Received a gift from Nemelex Xobeh
 10958 | D:11     | Noticed a hill giant
 10970 | D:11     | Killed a hill giant
 11030 | D:11     | Noticed an unseen horror
 11056 | D:11     | Killed an unseen horror
 11261 | D:11     | Reached skill level 5 in Armour
 11356 | D:12     | Noticed a hill giant
 11363 | D:12     | Killed a hill giant
 11431 | D:12     | Reached skill level 10 in Dodging
 11517 | D:12     | Found a staircase to the Orcish Mines.
 11579 | D:12     | Received a gift from Nemelex Xobeh
 11708 | D:12     | Reached ** piety under Nemelex Xobeh
 11727 | D:12     | Noticed a hill giant
 11736 | D:12     | Killed a hill giant
 12394 | Orc:1    | Entered Level 1 of the Orcish Mines
 12511 | Orc:1    | Noticed Urug
 12561 | Orc:1    | Killed Urug
 12679 | Orc:1    | Reached XP level 12. HP: 31/65 MP: 23/26
 12826 | Orc:1    | Received a gift from Nemelex Xobeh
 12895 | Orc:1    | Found a radiant altar of Vehumet.
 13214 | Orc:2    | Found Zej Fuah's Book Boutique.
 13379 | Orc:3    | Noticed Erolcha
 13386 | Orc:3    | Killed Erolcha
 13577 | Orc:3    | Received a gift from Nemelex Xobeh
 13610 | Orc:3    | Reached *** piety under Nemelex Xobeh
 13933 | Orc:4    | Entered Level 4 of the Orcish Mines
 14065 | Orc:4    | Reached skill level 10 in Transmutations
 14143 | Orc:4    | Found Pufeihad's Distillery.
 14299 | Orc:4    | Found Zisuil's Weapon Shop.
 14313 | Orc:4    | Noticed Azrael
 14345 | Orc:4    | Killed Azrael
 14507 | Orc:4    | Found Dexzifer's Weapon Shoppe.
 14507 | Orc:4    | Found Kecwimpa's General Store.
 14522 | Orc:4    | Bought a bread ration for 60 gold pieces
 14938 | Orc:4    | Found Rusyzu's Magic Scroll Emporium.
 15023 | Orc:4    | Reached skill level 11 in Dodging
 15040 | Orc:4    | Bought a scroll of identify for 24 gold pieces
 15040 | Orc:4    | Bought a scroll of fear for 42 gold pieces
 15040 | Orc:4    | Bought a scroll of teleportation for 36 gold pieces
 15040 | Orc:4    | Bought a scroll of identify for 24 gold pieces
 15040 | Orc:4    | Bought a scroll of enchant armour for 90 gold pieces
 15040 | Orc:4    | Bought a scroll of identify for 24 gold pieces
 15040 | Orc:4    | Bought a scroll of enchant armour for 90 gold pieces
 15045 | Orc:4    | Found Woforaor's Antique Armour Boutique.
 15093 | Orc:4    | Found Isoyrush's Antique Weapon Boutique.
 15191 | Orc:4    | Received a gift from Nemelex Xobeh
 15219 | Orc:4    | Found Zuogh's General Store.
 15219 | Orc:4    | Found Xothucs's Jewellery Shop.
 15238 | Orc:4    | Found a roughly hewn altar of Beogh.
 15706 | Orc:3    | Found a staircase to the Elven Halls.
 15900 | Elf:1    | Entered Level 1 of the Elven Halls
 15955 | Elf:1    | Noticed a fire dragon
 15955 | Elf:1    | Noticed a hell beast
 15956 | Elf:1    | Noticed a fire dragon
 15956 | Elf:1    | Noticed a fire dragon
 15956 | Elf:1    | Noticed an eight-headed hydra
 15956 | Elf:1    | Noticed a sphinx
 15961 | Elf:1    | Noticed a five-headed hydra
 15964 | Elf:1    | Reached skill level 10 in Spellcasting
 15971 | Elf:1    | Killed a five-headed hydra
 15973 | Elf:1    | Noticed a seven-headed hydra
 15979 | Elf:1    | Killed a sphinx
 16015 | Elf:1    | Killed a seven-headed hydra
 16019 | Elf:1    | Noticed a sphinx
 16023 | Elf:1    | Killed a hell beast
 16029 | Elf:1    | Killed a sphinx
 16033 | Elf:1    | Reached XP level 13. HP: 58/72 MP: 23/28
 16152 | Elf:1    | Killed a fire dragon
 16271 | Elf:1    | Reached skill level 10 in Fighting
 16453 | Elf:1    | Found a deep blue altar of Sif Muna.
 16468 | Elf:1    | Received a gift from Nemelex Xobeh
 16539 | Elf:1    | Killed an eight-headed hydra
 16627 | Elf:1    | HP: 1/72 [deep elf knight/shard of ice (36)]
 16634 | Elf:1    | You fall through a shaft!
 16653 | Elf:2    | Found a huge runed gate.
 16653 | Elf:2    | Found a huge runed gate.
 16653 | Elf:2    | Found a huge runed gate.
 16653 | Elf:2    | Found a huge runed gate.
 16653 | Elf:2    | Found a huge runed gate.
 16732 | Elf:2    | Noticed a deep elf blademaster
 16753 | Elf:2    | Reached **** piety under Nemelex Xobeh
 16771 | Elf:2    | Killed from afar by a deep elf knight

Action                   |  1- 3 |  4- 6 |  7- 9 | 10-12 | 13-15 || total
-------------------------+-------+-------+-------+-------+-------++-------
Melee: Spear             |   107 |   246 |   385 |       |       ||   738
       Unarmed           |    12 |     4 |    63 |   446 |    72 ||   597
       Whip              |       |       |    13 |       |       ||    13
       Mace              |       |       |     1 |       |       ||     1
       Dagger            |       |       |    99 |   575 |    23 ||   697
 Cast: Sticks to Snakes  |     6 |    45 |    82 |    42 |       ||   175
       Spider Form       |       |     1 |     8 |       |       ||     9
       Blade Hands       |       |       |     2 |    41 |     9 ||    52
 Abil: End Transformatio |       |       |     2 |       |       ||     2
Evoke: Wand              |       |       |    21 |     5 |       ||    26
       Deck              |       |       |       |    20 |    20 ||    40
  Use: Scroll            |     5 |     5 |    14 |    13 |     8 ||    45
       Potion            |       |     2 |     4 |     5 |     5 ||    16
 Stab: Sleeping          |       |     1 |     2 |       |       ||     3
       Distracted        |       |       |     2 |     3 |       ||     5
       Paralysed         |       |       |     4 |       |       ||     4
  Eat: Bread ration      |       |     1 |       |     3 |       ||     4
       Pizza             |       |       |     2 |     2 |       ||     4
       Royal jelly       |       |       |     2 |       |       ||     2
       Fruit             |       |       |     2 |     5 |     5 ||    12
